 Dungeon Crawl Stone Soup version 0.31.0-12-g77e489cdc1 (webtiles) character file.

Game seed: 18124882412624112001

1422 Gadfly the Trooper (level 8, -1/84 HPs)
             Began as an Oni Berserker on Mar 2, 2024.
             Was a Priest of Trog.
             Slain by a gnoll
             ... wielding a +0 flail
             ... led by a gnoll sergeant
              (8 damage)
             ... on level 4 of the Dungeon.
             The game lasted 00:04:46 (4746 turns).

Gadfly the Trooper (Oni Berserker)                  Turns: 4746, Time: 00:04:47

Health: -1/84      AC:  4    Str: 22    XL:     8   Next: 72%
Magic:  3/8        EV: 10    Int: 12    God:    Trog [***...]
Gold:   169        SH:  0    Dex: 10    Spells: 7/7 levels left

rFire   . . .        b - +8 falchion "Dragonslayer" {flame, rC+ Int+4 Stlth+}
rCold   + + .        (no shield)
rNeg    . . .        c - +1 robe
rPois   .            (helmet restricted)
rElec   .            (no cloak)
rCorr   .            (gloves unavailable)
SInv    .            (boots unavailable)
Will    .....        (no amulet)
Stlth   ++           e - ring of protection from cold
HPRegen 0.34/turn    (no ring)
MPRegen 0.11/turn

%: no passive effects
@: no status effects
A: large, unfitting armour, horns 1, tough skin 1, double potion healing,
drunken brawling
a: Renounce Religion, Berserk, Trog's Hand


You were on level 4 of the Dungeon.
You worshipped Trog.
Trog was most pleased with you.
You visited 1 branch of the dungeon, and saw 5 of its levels.

You collected 169 gold pieces.

Inventory:

Hand Weapons
 a - a +2 antimagic flail
 b - the +8 falchion "Dragonslayer" (weapon) {flame, rC+ Int+4 Stlth+}
   (You found it on level 5 of the Dungeon)

   Int+4:     It affects your intelligence (+4).
   rC+:       It protects you from cold.
   Stlth+:    It makes you more stealthy.
 d - a +2 short sword of venom
 o - a +0 flail
Armour
 c - a +1 robe (worn)
Jewellery
 e - a ring of protection from cold (left hand)
Wands
 i - a wand of mindburst (20) (quivered)
Scrolls
 k - a scroll of teleportation
 p - a scroll of fear
Potions
 f - a potion of attraction
 g - a potion of mutation
 h - a potion of curing {unknown}
 j - a potion of cancellation {unknown}
 l - a potion of haste
 m - a potion of enlightenment {unknown}
 n - a potion of brilliance {unknown}


   Skills:
 + Level 6.6 Fighting
 * Level 6.3 Maces & Flails
 * Level 4.9 Armour
 - Level 2.6 Dodging
 * Level 4.4 Evocations


You had 7 spell levels left.
You didn't know any spells.
Your spell library was empty.

Dungeon Overview and Level Annotations

Branches:
Dungeon (5/15)             Temple (0/1) D:4

Altars:
Okawaru


Innate Abilities, Weirdness & Mutations

You are too large for most types of armour.
You have a pair of small horns on your head.
You have tough skin. (AC +1)
You gain doubled healing and magic from potions.
Whenever you drink a healing potion, you attack all around you.


Message History

You closely miss the gnoll.
The gnoll is moderately wounded.
The gnoll hits you from afar with a +0 spear. x2
You thump the gnoll!
You kill the gnoll!
Trog accepts your kill. The gnoll hits you but does no damage.
The gnoll closely misses you.
The gnoll hits you from afar with a +0 spear!
The gnoll completely misses you.
The gnoll hits you from afar with a +0 spear. x2
You feel magic returning to you.
You feel clever.
The +8 falchion "Dragonslayer" {flame, rC+ Int+4 Stlth+} bursts into flame!
b - the +8 falchion "Dragonslayer" (weapon)
{flame, rC+ Int+4 Stlth+} The gnoll closely misses you.
The gnoll hits you from afar with a +0 spear!
The gnoll completely misses you.
The gnoll hits you but does no damage. x2; The gnoll hits you with a +0 flail.
The gnoll sergeant hits you from afar with a +0 spear.
The gnoll hits you from afar with a +0 spear.
The gnoll hits you with a +0 spear. The gnoll barely misses you.
There is a stone staircase leading up here.
The gnoll hits you but does no damage. The gnoll hits you with a +0 spear!
The gnoll hits you from afar with a +0 spear!
* * * LOW HITPOINT WARNING * * *
The gnoll barely misses you.
The gnoll sergeant hits you from afar with a +0 spear!
* * * LOW HITPOINT WARNING * * *
You climb upwards.
There is a stone staircase leading down here.
You hit the gnoll. You burn the gnoll.
The gnoll is heavily wounded.
The gnoll barely misses you. The gnoll closely misses you.
You slash the gnoll! You burn the gnoll.
You kill the gnoll!
Trog accepts your kill. The gnoll hits you with a +0 flail!
* * * LOW HITPOINT WARNING * * *
The gnoll hits you with a +0 flail!
You die...

############ #######
#....)@....# ###.....#
#.....g....#
.##.....###..........#
........#)...........#
..........#.....)....#
.....#####รท..........#
.....####..###########
.....#....##
#......####


You could see a gnoll.

Vanquished Creatures
  Grinder (D:5)
  Prince Ribbit (D:5)
  Edmund (D:5)
  A black bear (D:5)
  2 ice beasts
  A phantom (D:4)
  A gnoll sergeant (D:5)
  3 bombardier beetles
  2 orc priests
  2 hounds
  Ijyb (D:3)
  An iguana (D:5)
  Natasha (thrice) (D:3)
  5 gnolls
  4 adders
  A white imp (D:5)
  2 ufetubi (D:5)
  3 ribbon worms
  2 dart slugs
  9 orcs
  6 endoplasms
  A giant cockroach (D:1)
  5 hobgoblins
  8 jackals
  3 quokkas (D:3)
  3 ball pythons
  6 bats
  A frilled lizard (D:1)
  6 goblins
  5 kobolds
  6 rats
96 creatures vanquished.

Notes
Turn   | Place    | Note
-------+----------+-------------------------------------------
     0 | D:1      | Gadfly the Oni Berserker began the quest for the Orb.
     0 | D:1      | Reached XP level 1. HP: 24/24 MP: 1/1
   257 | D:1      | Reached XP level 2. HP: 32/32 MP: 2/2
   550 | D:1      | Reached skill level 1 in Armour
   919 | D:2      | Reached XP level 3. HP: 18/39 MP: 3/3
  1027 | D:2      | Reached skill level 1 in Evocations
  1142 | D:2      | Reached ** piety under Trog
  1339 | D:2      | Reached XP level 4. HP: 43/49 MP: 4/4
  1671 | D:3      | Noticed Ijyb
  1687 | D:3      | Killed Ijyb
  1832 | D:3      | Reached XP level 5. HP: 45/55 MP: 5/5
  2217 | D:3      | Noticed Natasha
  2228 | D:3      | Killed Natasha
  2285 | D:3      | Noticed Natasha
  2291 | D:3      | Killed Natasha
  2438 | D:3      | Noticed Natasha
  2451 | D:3      | Killed Natasha
  2452 | D:3      | Reached skill level 5 in Fighting
  2452 | D:3      | Reached XP level 6. HP: 24/66 MP: 6/6
  2984 | D:4      | Noticed an ice beast
  2999 | D:4      | Killed an ice beast
  3128 | D:4      | Reached *** piety under Trog
  3253 | D:4      | Found a staircase to the Ecumenical Temple.
  3305 | D:4      | Reached XP level 7. HP: 68/72 MP: 7/7
  3639 | D:5      | Entered Level 5 of the Dungeon
  3643 | D:5      | Noticed Edmund
  3648 | D:5      | Reached skill level 5 in Maces & Flails
  3657 | D:5      | Killed Edmund
  4000 | D:5      | HP: 3/74 [gnoll sergeant/+1 trident of flaming (4)]
  4006 | D:5      | Reached XP level 8. HP: 77/83 MP: 2/8
  4382 | D:5      | Found an iron altar of Okawaru.
  4386 | D:5      | Identified the +8 falchion "Dragonslayer" {flame, rC+ Int+4
                  | Stlth+}
  4404 | D:5      | Noticed Grinder
  4442 | D:5      | Killed Grinder
  4555 | D:5      | Noticed Prince Ribbit
  4569 | D:5      | Killed Prince Ribbit
  4746 | D:4      | Slain by a gnoll

Illustrated notes

Levels and vault maps discovered:
D:1:      minmay_arrival_cross, layout_loops_ring, roderic_serpentine_path
D:2:      layout_basic
D:3:      kennysheep_big_flooded_room, layout_loops_ring, minivault_26,
          uniq_ijyb, uniq_natasha
D:4:      layout_rooms, minmay_temple_entry_wispy
D:5:      layout_gridville, okawaru_metal_pillars_1_2, nicolae_shop_self_help,
          uniq_prince_ribbit1, uniq_edmund, uniq_grinder

Skill      XL: |  1  2  3  4  5  6  7  8 |
---------------+-------------------------+-----
Armour         | 1 2 3 4 |  4.9
Evocations     | 1 2 3 4 |  4.4
Maces & Flails | 4 5 6 |  6.3
Fighting       | 5 6 |  6.6
Dodging        | |  2.6

Action                     |  1- 3 |  4- 6 |  7- 9 || total
---------------------------+-------+-------+-------++-------
  Melee: Mace              |    85 |   103 |       ||   188
         Headbutt          |     5 |    25 |    19 ||    49
         Punch             |       |     1 |     3 ||     4
         Flail             |       |    36 |    51 ||    87
         Short sword       |       |     7 |    46 ||    53
         Falchion          |       |       |    17 ||    17
 Invoke: Berserk           |       |     1 |     1 ||     2
    Use: Scroll            |     2 |     7 |     1 ||    10
         Potion            |       |     2 |     1 ||     3
   Stab: Sleeping          |     1 |       |     1 ||     2
 Armour: Animal skin       |    78 |     5 |       ||    83
         Robe              |       |   117 |    91 ||   208
  Dodge: Dodged            |    65 |    88 |    69 ||   222
